 Dungeon Crawl Stone Soup version 0.31-a0-1405-g2bb1a01664 (webtiles) character file.

Game seed: 1570853553960327996

4772 rageheart7 the Grappler (level 10, -7/107 HPs)
             Began as a Troll Monk on Dec 26, 2023.
             Was a Priest of Uskayaw.
             Mangled by a slime creature (18 damage)
             ... on level 9 of the Dungeon.
             The game lasted 00:11:51 (6585 turns).

rageheart7 the Grappler (Troll Monk)                Turns: 6585, Time: 00:11:51

Health: -7/107     AC:  6    Str: 31    XL:     10   Next: 23%
Magic:  9/9        EV: 15    Int:  6    God:    Uskayaw [***...]
Gold:   451        SH:  0    Dex: 12    Spells: 9/9 levels left

rFire   . .          .
                       - Unarmed
rCold   . . .        c - orb {light}
rNeg    . . .        B - +2 robe of Gallantry {+Blink rPois}
rPois   +            (helmet restricted)
rElec   .            (no cloak)
rCorr   .            (gloves unavailable)
SInv    .            (boots unavailable)
Will    .....        (no amulet)
Stlth   +            C - +6 ring of strength
HPRegen 1.17/turn    G - +5 ring of evasion
MPRegen 0.11/turn

%: no passive effects
@: glowing
A: large, unfitting armour, claws 3, regeneration 1, shaggy fur 1, tough skin 1
a: Renounce Religion, Evoke Blink, Stomp, Line Pass


You were on level 9 of the Dungeon.
You worshipped Uskayaw.
Uskayaw was noncommittal.
You visited 1 branch of the dungeon, and saw 9 of its levels.
You also visited: Sewer.

You collected 451 gold pieces.

Inventory:

Armour
 c - an orb of light (worn)
 e - +0 steam dragon scales
 B - the +2 robe of Gallantry (worn) {+Blink rPois}
   (You found it on level 5 of the Dungeon)

   rPois:     It protects you from poison +Blink: It lets you blink.
 D - the +0 robe of the Mackerel {+Inv rF++ rC+ Int-4}
   (You found it on level 5 of the Dungeon)

   Int-4:     It affects your intelligence (-4).
   rF++:      It greatly protects you from fire.
   rC+:       It protects you from cold.
   +Inv:      It lets you turn invisible.
 F - an orb of energy
Jewellery
 d - a ring of positive energy
 s - a ring of magical power
 C - a +6 ring of strength (left claw)
 G - a +5 ring of evasion (right claw)
Talismans
 p - a beast talisman
Wands
 r - a wand of roots (8)
 z - a wand of flame (10)
 H - a wand of charming (9)
Scrolls
 j - 6 scrolls of teleportation
 k - a scroll of vulnerability {unknown}
 n - 2 scrolls of poison {unknown}
 q - a scroll of enchant armour {unknown}
 v - 2 scrolls of enchant weapon {unknown}
 y - 2 scrolls of immolation {unknown}
 A - a scroll of silence {unknown}
 E - a scroll of blinking {unknown}
Potions
 a - 2 potions of attraction
 b - 2 potions of ambrosia
 f - 3 potions of enlightenment
 g - 4 potions of lignification
 h - a potion of brilliance {unknown}
 i - a potion of heal wounds
 m - 3 potions of invisibility
 o - 4 potions of curing
 t - 2 potions of might
 u - a potion of resistance
 w - a potion of cancellation {unknown}
 x - 3 potions of magic


   Skills:
 * Level 9.3 Fighting
 - Level 2.4 Dodging
 * Level 11.1 Unarmed Combat


You had 9 spell levels left.
You didn't know any spells.
Your spell library contained the following spells:

 Spells                   Type           Power      Damage    Failure   Level
 Freeze                   Ice            0%         1d3       45%         1
 Magic Dart               Conj           0%         1d3       45%         1
 Summon Small Mammal      Summ           0%         N/A       45%         1
 Blink                    Tloc           0%         N/A       58%         2
 Call Imp                 Summ           0%         N/A       58%         2
 Call Canine Familiar     Summ           0%         N/A       83%         3
 Frozen Ramparts          Ice            0%         1d1       83%         3
 Hailstorm                Conj/Ice       0%         3d5       83%         3
 Stone Arrow              Conj/Erth      0%         3d7       83%         3
 Summon Guardian Golem    Hex/Summ       0%         N/A       83%         3
 Animate Armour           Summ/Erth      0%         N/A       99%         4
 Lehudib's Crystal Spear  Conj/Erth      0%         10d2      100%        8


Dungeon Overview and Level Annotations

Branches:
Dungeon (9/15)             Temple (0/1) D:7           Sewer (visited)
   Lair: D:8-11         Orc: D:9-12

Altars:
Okawaru
Uskayaw
Vehumet

Portals:
Abyss: D:7

Annotations:
D:7 2 transporters, Loonster's ghost, novice TrFi


Innate Abilities, Weirdness & Mutations

You are too large for most types of armour.
You have claws for hands.
Your natural rate of healing is unusually fast.
You are covered in fur. (AC +1)
You have tough skin. (AC +1)


Message History

The very large slime creature is heavily wounded.
You can now pass through a line of other dancers.
You scratch the very large slime creature.
The very large slime creature is heavily wounded.
A very large slime creature splits.
You claw the large slime creature!
The large slime creature is heavily wounded.
The large slime creature barely misses you.
You mangle the large slime creature!!
The large slime creature is severely wounded.
The slime creature hits you! The large slime creature hits you!
You claw the large slime creature!
The large slime creature is almost dead.
The slime creature hits you!
You scratch the large slime creature.
The large slime creature is almost dead.
The large slime creature hits you!! The slime creature closely misses you.
You claw the large slime creature!
The large slime creature is almost dead.
The large slime creature closely misses you.
Uskayaw will force your foes to helplessly watch your dance.
Uskayaw prepares the audience for your solo!
The helpless large slime creature fails to defend itself.
You mangle the large slime creature!!
You kill the large slime creature!
The slime creature is no longer paralysed.
The two-headed ogre is no longer paralysed.
The slime creature barely misses you.
You mangle the two-headed ogre!!
The two-headed ogre is heavily wounded.
The slime creature hits you!
* * * LOW HITPOINT WARNING * * *
The two-headed ogre hits you with a +0 giant club.
* * * LOW HITPOINT WARNING * * *
The two-headed ogre hits you with a +0 giant spiked club!
* * * LOW HITPOINT WARNING * * *
You scratch the two-headed ogre.
The two-headed ogre is heavily wounded.
The slime creature hits you!!
You die...

######################
#....<......##........
#...........J#........ ##
#...........@O........
.####...........##........
....#...........##.>......
.##.'...........##........
.####...........##........
.# ##########'###........
## #...# #........ ##.###
#####.### #..# ..


You could see a slime creature and a two-headed ogre.

Vanquished Creatures
  A slime creature (D:9)
  Psyche (D:9)
  A wyvern (D:8)
  Eustachio (D:5)
  The ghost of Xavori the Trooper, an amateur DjCK of Xom (D:4)
  2 steam dragons (D:7)
  An acid dragon (D:5)
  2 water moccasins (D:5)
  3 orc warriors
  3 ice beasts (D:6)
  2 ogres
  3 centaurs (D:8)
  2 phantoms
  5 bullfrogs
  5 kobold brigands
  3 scorpions
  3 wights (D:6)
  8 electric eels
  A howler monkey (D:5)
  A jelly (D:5)
  4 orc priests
  2 hounds
  3 iguanas
  6 orc wizards
  A sleepcap (D:7)
  3 gnolls (D:4)
  10 adders
  7 river rats (Sewer)
  2 ufetubi (D:6)
  2 dart slugs
  22 orcs
  10 ball pythons
  4 endoplasms
  5 giant cockroaches
  6 goblins
  6 hobgoblins
  3 jackals (D:1)
  34 kobolds
  10 quokkas
  8 bats
  6 frilled lizards
  25 rats
228 creatures vanquished.

Notes
Turn   | Place    | Note
-------+----------+-------------------------------------------
     0 | D:1      | rageheart7 the Troll Monk began the quest for the Orb.
     0 | D:1      | Reached XP level 1. HP: 22/22 MP: 0/0
   106 | D:1      | Reached XP level 2. HP: 29/29 MP: 1/1
   718 | D:2      | Reached XP level 3. HP: 37/37 MP: 2/2
   851 | D:2      | Found a hide-covered altar of Uskayaw.
   868 | D:2      | Became a worshipper of Uskayaw the Reveller
   868 | D:2      | Reached * piety under Uskayaw
   947 | D:2      | Reached ** piety under Uskayaw
  1305 | D:3      | Reached skill level 4 in Unarmed Combat
  1385 | D:3      | Reached XP level 4. HP: 45/45 MP: 3/3
  1505 | D:3      | Found a glowing drain.
  1509 | Sewer    | Entered a sewer
  1538 | Sewer    | Reached *** piety under Uskayaw
  1551 | Sewer    | Reached **** piety under Uskayaw
  1563 | Sewer    | Reached ***** piety under Uskayaw
  1568 | Sewer    | Reached XP level 5. HP: 39/54 MP: 4/4
  1579 | Sewer    | Reached ****** piety under Uskayaw
  1649 | Sewer    | Reached skill level 5 in Unarmed Combat
  1726 | Sewer    | Reached XP level 6. HP: 59/63 MP: 5/5
  2399 | D:4      | Found a runed translucent door.
  2401 | D:4      | Noticed Xavori's ghost (amateur DjCK)
  3361 | D:4      | Reached skill level 5 in Fighting
  3361 | D:4      | Reached skill level 6 in Unarmed Combat
  3361 | D:4      | Reached XP level 7. HP: 68/72 MP: 6/6
  3365 | D:4      | Killed Xavori's ghost
  3387 | D:5      | Entered Level 5 of the Dungeon
  3460 | D:5      | Noticed Eustachio
  3484 | D:5      | Killed Eustachio
  3485 | D:5      | Reached skill level 7 in Unarmed Combat
  3485 | D:5      | Reached XP level 8. HP: 42/83 MP: 7/7
  3761 | D:5      | Identified the +2 robe of Gallantry {+Blink rPois}
  3827 | D:5      | Identified the +0 robe of the Mackerel {+Inv rF++ rC+
                  | Int-4}
  4150 | D:5      | Reached skill level 8 in Unarmed Combat
  4594 | D:6      | Reached XP level 9. HP: 55/93 MP: 8/8
  4659 | D:6      | Reached skill level 9 in Unarmed Combat
  4749 | D:6      | HP: 4/93 [electric eel/bolt of electricity (13)]
  4955 | D:6      | Found an iron altar of Okawaru.
  5327 | D:7      | Reached skill level 10 in Unarmed Combat
  5342 | D:7      | Found a staircase to the Ecumenical Temple.
  5419 | D:7      | Found a transporter.
  5419 | D:7      | Noticed a large abomination
  5436 | D:7      | Found a transporter.
  5455 | D:7      | Noticed an ancient zyme
  5477 | D:7      | Found a one-way gate to the infinite horrors of the Abyss.
  5477 | D:7      | Noticed Loonster's ghost (novice TrFi)
  5986 | D:8      | Reached XP level 10. HP: 99/107 MP: 9/9
  6131 | D:8      | Found a radiant altar of Vehumet.
  6368 | D:9      | Noticed Psyche
  6373 | D:9      | Killed Psyche
  6497 | D:9      | Reached skill level 11 in Unarmed Combat
  6564 | D:9      | Noticed a two-headed ogre
  6585 | D:9      | Mangled by a slime creature

Illustrated notes

Levels and vault maps discovered:
D:1:      lemuel_arrival_river_bridge, layout_loops_ring, fountainhead
D:2:      layout_rooms, basic_altar
D:3:      layout_basic, gup_sewer_entry_bowl, nicolae_titane
D:4:      minmay_thick_lines, layout_basic, ebering_ghost_sewer_d
D:5:      layout_loops_corners, uniq_eustachio
D:6:      layout_cave_pools, mainiacjoe_overflow_surrounded_room,
          kennysheep_boxes
D:7:      layout_basic, minmay_temple_entry_arrows,
          gammafunk_ghost_abyssal_escape, st_stairs_14
D:8:      layout_loops_ring, vehumet_crystals
D:9:      layout_roguey, grunt_temple_overflow_diamond, minivault_14,
          uniq_psyche

Skill      XL: |  1  2  3  4  5  6  7  8  9 10 |
---------------+-------------------------------+-----
Fighting       | 3 4 5 7 9 |  9.3
Unarmed Combat | 4 5 6 7 8 10 11 | 11.1
Dodging        | |  2.4

Action                     |  1- 3 |  4- 6 |  7- 9 | 10-12 || total
---------------------------+-------+-------+-------+-------++-------
  Melee: Unarmed           |    98 |   156 |   212 |    46 ||   512
    Use: Scroll            |       |       |    15 |       ||    15
         Potion            |       |       |     2 |       ||     2
   Stab: Paralysed         |       |     4 |     8 |     3 ||    15
 Armour: Robe              |    48 |   107 |   174 |    23 ||   352
  Dodge: Dodged            |    50 |    79 |   143 |    16 ||   288

Table legend: (Time is in decaauts)
 A = Elapsed time spent in this place.
 B = Non-inter-level travel time spent in this place.
 C = Inter-level travel time spent in this place.
 D = Time resting spent in this place.
 E = Time spent auto-exploring this place.
 F = Levels seen in this place.
 G = Mean time per level.
                   A        B        C        D        E       F      G
               +--------+--------+--------+--------+--------+-----+--------+
         Total |   6518 |   6401 |    117 |    100 |   4929 |  10 |  651.8 |
       Dungeon |   5926 |   5809 |    117 |    100 |   4519 |   9 |  658.4 |
         Sewer |    591 |    591 |      0 |      0 |    410 |   1 |  591.0 |
               +--------+--------+--------+--------+--------+-----+--------+

Top non-repeatable levels by time:
     D:4: 1020 daAuts
     D:5: 918 daAuts
     D:6: 879 daAuts
     D:1: 710 daAuts
     D:8: 638 daAuts
   Sewer: 591 daAuts
     D:3: 572 daAuts
     D:7: 482 daAuts
     D:2: 468 daAuts
     D:9: 235 daAuts
